 Dungeon Crawl Stone Soup version 0.29-a0-872-g797fff5ad1 (webtiles) character file.

Game seed: 4818622134081653447

21 clackabat the Poker (level 2, 25/25 HPs)
             Began as a Merfolk Fighter on July 18, 2022.
             Quit the game on level 1 of the Dungeon.
             The game lasted 00:01:45 (771 turns).

clackabat the Poker (Merfolk Fighter)                Turns: 771, Time: 00:01:45

Health: 25/25      AC:  6    Str: 16    XL:     2   Next: 87%
Magic:  2/2        EV:  9    Int:  7    God:
Gold:   51         SH:  4    Dex: 13    Spells: 1/1 levels left

rFire   . . .      SeeInvis .   a - +0 trident
rCold   . . .      Faith    .   c - +0 buckler
rNeg    . . .      Spirit   .   h - +0 ring mail
rPois   .          Reflect  .   (no helmet)
rElec   .          Harm     .   (no cloak)
rCorr   .          Rampage  .   (no gloves)
Will    .....                   g - +0 pair of boots
Stlth   +.........              (no amulet)
HPRegen 0.08/turn               (no ring)
MPRegen 0.08/turn               (no ring)

@: no status effects
A: (nimble swimmer 2), mertail
a: no special abilities


You were on level 1 of the Dungeon.
You visited 1 branch of the dungeon, and saw 1 of its levels.

You collected 51 gold pieces.

Inventory:

Hand Weapons
 a - a +0 trident (weapon)
Armour
 b - a +0 scale mail
 c - a +0 buckler (worn)
 g - a +0 pair of boots (worn)
 h - a +0 ring mail (worn)
Scrolls
 e - 2 scrolls of identify {unknown}
 f - a scroll of immolation {unknown}
Potions
 d - a potion of might
 i - a potion of lignification {unknown}
 j - a potion of curing {unknown}
 k - a potion of heal wounds {unknown}


   Skills:
 + Level 3.6 Fighting
 * Level 4.0 Polearms
 - Level 2.1 Armour
 - Level 3.0 Shields


You had one spell level left.
You didn't know any spells.
Your spell library contained the following spells:

 Spells                   Type           Power      Damage    Failure   Level
 Necrotise                Necr           0%         1d4       75%         1
 Portal Projectile        Hex/Tloc       0%         N/A       98%         3
 Tukima's Dance           Hex            0%         N/A       98%         3
 Vampiric Draining        Necr           0%         2d6       98%         3
 Agony                    Necr           0%         N/A       100%        5
 Blade Hands              Tmut           0%         N/A       100%        5


Dungeon Overview and Level Annotations

Branches:
Dungeon (1/15)

Altars:


Innate Abilities, Weirdness & Mutations

((You are very nimble when in or above water. (Stealth+, EV+, Speed+++)))
Your lower body shifts to a powerful aquatic tail in water.


Message History

Found a book of Weapons.
You see here a rat corpse.
Found 11 gold pieces.
HP restored.
i - a glowing green potion You pick up a book of Necromancy and begin reading...
You add the spells Necrotise, Vampiric Draining and Agony to your library.
You now have 26 gold pieces (gained 11).
You pick up a book of Weapons and begin reading...
You add the spells Tukima's Dance, Portal Projectile and Blade Hands to your library.
j - a viscous clear potion
Found a stone staircase leading down.
k - a red potion
e - 2 scrolls labelled MUORU ICZEDGH (gained 1)
You now have 35 gold pieces (gained 9).
Found 7 stones.
A ball python comes into view.
The ball python hisses angrily.
A ball python is nearby!
Found a stone staircase leading down.
You barely miss the ball python. You block the ball python's attack.
The ball python grabs you. The ball python constricts you.
You barely miss the ball python. You block the ball python's attack.
The ball python constricts you.
The ball python bites you but does no damage.
The ball python constricts you.
You puncture the ball python!
You kill the ball python!
Your Polearms skill increases to level 4!
No target in view!
No target in view!
You open the door.
There is an open door here.
You see here a +0 short sword.
You now have 51 gold pieces (gained 16).
Done exploring.
Done exploring.
You see here a +0 short sword.
There is a stone staircase leading down here.
Are you sure you want to abandon this character and quit the game? (Confirm with "yes".)

### #######.# #.#.#....### ..#
#.......# #.#.#....... #.#
#.####### #)#.##...... #.#
#.....# #.#.#.......
#.############.#######.#.#.......
....#.....# #.##......#.#.......
....#.###.####.#.......÷.........
....#.###......#..####.#.........
.)..#..)....#..#@.####'#########.
.......####.#..#........# #..
.....#.#..#.#..#........# #..
.....#.#.##.#..#........# #..
.....#.#.......#........# #..
.....#.######.##.......## #..
.....#........##.#.#♣♣♣♣♣♣♣♣♣♣#..
##.#############.#.♣<.#♣.....♣♣..
#.# #.....# #.#.♣..........♣♣.


There were no monsters in sight!

Vanquished Creatures
  A ball python (D:1)
  2 endoplasms (D:1)
  2 goblins (D:1)
  2 hobgoblins (D:1)
  4 jackals (D:1)
  5 kobolds (D:1)
  3 rats (D:1)
19 creatures vanquished.

Notes
Turn   | Place    | Note
-------+----------+-------------------------------------------
     0 | D:1      | clackabat the Merfolk Fighter began the quest for the Orb.
     0 | D:1      | Reached XP level 1. HP: 18/18 MP: 1/1
    76 | D:1      | Reached skill level 3 in Polearms
   316 | D:1      | Reached XP level 2. HP: 24/24 MP: 2/2
   647 | D:1      | Reached skill level 4 in Polearms
   771 | D:1      | Quit the game

Illustrated notes

Levels and vault maps discovered:
D:1:      amcnicky_arrival_underground_garden, layout_basic

Skill      XL: |  1  2 |
---------------+-------+-----
Polearms       | 3 4 |  4.0
Fighting       | |  3.6
Armour         | |  2.1
Shields        | |  3.0

Action                   || total
-------------------------++-------
Melee: Trident           ||    44
Armor: Scale mail        ||     4
       Ring mail         ||     7
Dodge: Dodged            ||    14
Block: Buckler           ||     7

Table legend: (Time is in decaauts)
 A = Elapsed time spent in this place.
 B = Non-inter-level travel time spent in this place.
 C = Inter-level travel time spent in this place.
 D = Time resting spent in this place.
 E = Time spent auto-exploring this place.
 F = Levels seen in this place.
 G = Mean time per level.
                   A        B        C        D        E       F      G
               +--------+--------+--------+--------+--------+-----+--------+
         Total |    778 |    698 |     80 |      0 |    582 |   1 |  778.0 |
       Dungeon |    778 |    698 |     80 |      0 |    582 |   1 |  778.0 |
               +--------+--------+--------+--------+--------+-----+--------+

Top non-repeatable levels by time:
     D:1: 778 daAuts
